 Dungeon Crawl Stone Soup version 0.21-a0-509-gecc5317 (webtiles) character file.

1201 slep the Cleaver (level 8, -3/68 HPs)
             Began as a Hill Orc Gladiator on Dec 1, 2017.
             Killed by divine providence
             ... invoked by an orc priest
              (14 damage)
             ... on level 5 of the Dungeon.
             The game lasted 00:15:53 (3385 turns).

slep the Cleaver (Hill Orc Gladiator)               Turns: 3385, Time: 00:15:54

Health: -3/68      AC:  9    Str: 16 (18) XL:     8   Next: 44%
Magic:  8/8        EV: 10    Int:  5 (8)  God:
Gold:   171        SH:  0    Dex: 10 (13) Spells: 7/7 levels left

rFire    . . .     SeeInvis +   p - +0 dire flail (crush)
rCold    . . .     Gourm    .   (shield currently unavailable)
rNeg     . . .     Faith    .   s - +0 scale mail
rPois    .         Spirit   .   l - +2 hat
rElec    .         Reflect  .   (no cloak)
rCorr    .         Harm     +   (no gloves)
MR       .....                  (no boots)
Stlth    ..........             C - amulet of harm
HPRegen  0.21/turn              r - ring of see invisible
MPRegen  0.11/turn              (no ring)

@: very slow
A: no striking features
a: Convert to Beogh


You were on level 5 of the Dungeon.
You were not hungry.

You visited 2 branches of the dungeon, and saw 6 of its levels.

You collected 171 gold pieces.

Inventory:

Hand Weapons
 a - a +0 war axe
 p - a +0 dire flail of crushing (weapon)
 D - a +0 blowgun
Missiles
 d - 3 throwing nets (quivered)
Armour
 b - a +0 leather armour
 c - a +0 helmet
 l - a +2 hat (worn)
 s - a +0 scale mail (worn)
Jewellery
 n - an uncursed ring of ice
 r - a ring of see invisible (left hand)
 C - an amulet of harm (around neck)
Scrolls
 e - a scroll of blinking {unknown}
 h - 2 scrolls of teleportation {unknown}
 i - a scroll of fog {unknown}
 j - 8 scrolls of identify {unknown}
 k - a scroll of random uselessness {unknown}
 t - 2 scrolls of enchant armour {unknown}
 v - 2 scrolls of remove curse {unknown}
 y - a scroll of enchant weapon {unknown}
Potions
 m - 3 potions of agility
 o - a potion of lignification
 u - a potion of curing
 w - a potion of experience {unknown}
 z - a potion of brilliance {unknown}
 B - 2 potions of flight {unknown}
Books
 A - a book of Geomancy

   Spells                             Type                      Level
   a - Sandblast                      Earth                        1
   b - Passwall                       Transmutation/Earth          2
   c - Stone Arrow                    Conjuration/Earth            3
   d - Petrify                        Transmutation/Earth          4
   e - Lee's Rapid Deconstruction     Earth                        5
Comestibles
 f - 4 bread rations
 g - 4 meat rations
 q - 2 royal jellies
 x - 2 fruits


   Skills:
 + Level 5.1 Fighting
 + Level 9.9 Axes
 + Level 2.1 Throwing
 + Level 4.1 Armour
 + Level 3.7 Dodging
 + Level 1.3 Stealth


You had 7 spell levels left.
You didn't know any spells.

Dungeon Overview and Level Annotations

Branches:
Dungeon (5/15)             Temple (1/1) D:5

Altars:
Ashenzari
Cheibriados
Fedhas
Kikubaaqudgha
Makhleb
Qazlal
Sif Muna
Xom
Zin
Lugonu

Annotations:
D:5 Eustachio, Prince Ribbit


Message History

Prince Ribbit barely misses you.
The orc priest invokes the aid of Beogh against you.
Beogh smites you! Prince Ribbit hits you!
The orc priest hits you from afar with a trident!
The adder bites you but does no damage.
A worm comes into view.
Prince Ribbit hits you but does no damage.
Prince Ribbit lets out a mournful croak.
Prince Ribbit hits you! The adder bites you but does no damage.
Prince Ribbit blinks!
The orc priest calls down the wrath of Beogh upon you.
Beogh smites you!
* * * LOW HITPOINT WARNING * * *
The giant cockroach misses you. The adder barely misses you.
The giant cockroach bites you but does no damage.
Your unstable footing causes you to fumble your attack.
The adder barely misses you.
The orc priest mumbles some strange prayers to Beogh against you.
Beogh smites you!
You die...

#≈# ≈≈≈ ≈≈≈ ## #w# .##.#
#≈# .##.# #≈# .##.# ##s##
.##.# #≈@≈# ....# ###≈So#
.#..# #.##≈###
....#########.##o#.##
##....5..!.@.5.5o5..#
##@##.##.##.#..#F#..#
...##....##.#.......#
##.##.##.##.##.#.........
#.#....>...##.####.#.##.


You could see Prince Ribbit, a worm, an orc priest, a crimson imp, an adder, a
shadow imp, 2 orcs and a giant cockroach.

Vanquished Creatures
  A troll (D:4)
  Grinder (D:3)
  Edmund (Temple)
  An ogre (D:5)
  A scorpion (D:4)
  An orc priest (D:4)
  A bullfrog skeleton (D:4)
  5 hounds
  3 orc wizards (D:4)
  Jessica (D:2)
  A worker ant (Temple)
  3 gnolls (D:3)
  A howler monkey skeleton (D:4)
  4 adders
  3 shadow imps
  2 oozes
  An adder skeleton (D:4)
  A worm (D:2)
  A dart slug (D:1)
  A leopard gecko (Temple)
  12 orcs
  5 giant cockroaches
  4 goblins
  8 hobgoblins
  A quokka (D:3)
  9 bats
  8 frilled lizards
  A jackal skeleton (D:4)
  8 kobolds
  6 rats
  2 demonic plants (Temple)
98 creatures vanquished.

Vanquished Creatures (others)
  An orc (D:4)
1 creature vanquished.

Grand Total: 99 creatures vanquished

Notes
Turn   | Place    | Note
-------+----------+-------------------------------------------
     0 | D:1      | slep the Hill Orc Gladiator began the quest for the Orb.
     0 | D:1      | Reached XP level 1. HP: 18/18 MP: 1/1
    45 | D:1      | Reached XP level 2. HP: 23/25 MP: 2/2
   696 | D:2      | Reached XP level 3. HP: 30/30 MP: 3/3
   700 | D:2      | Noticed Jessica
   713 | D:2      | Killed Jessica
   713 | D:2      | Reached skill level 5 in Axes
   938 | D:2      | Reached XP level 4. HP: 37/37 MP: 4/4
  1396 | D:3      | Noticed Grinder
  1408 | D:3      | Paralysed by Grinder for 6 turns
  1416 | D:3      | Paralysed by Grinder for 7 turns
  1426 | D:3      | Killed Grinder
  1426 | D:3      | Reached skill level 7 in Axes
  1426 | D:3      | Reached skill level 1 in Armour
  1426 | D:3      | Reached skill level 1 in Stealth
  1426 | D:3      | Reached XP level 5. HP: 8/45 MP: 5/5
  1426 | D:3      | Reached XP level 6. HP: 9/51 MP: 6/6
  1465 | D:3      | Found an ancient bone altar of Kikubaaqudgha.
  2274 | D:4      | Reached XP level 7. HP: 41/58 MP: 7/7
  2348 | D:4      | Reached skill level 8 in Axes
  2563 | D:4      | Noticed a troll
  2584 | D:4      | Killed a troll
  2584 | D:4      | Reached skill level 9 in Axes
  2584 | D:4      | Reached XP level 8. HP: 25/67 MP: 8/8
  2931 | D:5      | Entered Level 5 of the Dungeon
  2995 | D:5      | Noticed Edmund
  2996 | D:5      | Found a staircase to the Ecumenical Temple.
  3005 | Temple   | Entered the Ecumenical Temple
  3047 | Temple   | HP: 3/67 [Edmund/dire flail of crushing (1)]
  3050 | Temple   | HP: 1/67 [Edmund/dire flail of crushing (2)]
  3061 | Temple   | Killed Edmund
  3061 | Temple   | Reached skill level 5 in Fighting
  3362 | D:5      | Noticed Eustachio
  3380 | D:5      | Noticed Prince Ribbit
  3385 | D:5      | Killed from afar by an orc priest

Vault maps used:
D:1:      dpeg_arrival_tiny_g
D:2:      uniq_jessica
D:3:      kiku_gazebo_pond_becter, first_bread, uniq_grinder
D:5:      grunt_temple_overflow_bloody_war, minmay_temple_entry_junction_2,
          basic_altar, gup_sewer_entry_bubbles, uniq_edmund, uniq_eustachio,
          uniq_prince_ribbit1
Temple:   corrupted_temple

Skill      XL: |  1  2  3  4  5  6  7  8 |
---------------+-------------------------+-----
Axes           | 5 7 9 |  9.9
Fighting       | 3 4 5 |  5.1
Armour         | 1 2 3 4 |  4.1
Dodging        | 3 |  3.7
Stealth        | 1 |  1.3
Throwing       | 2 |  2.1

Action                   |  1- 3 |  4- 6 |  7- 9 || total
-------------------------+-------+-------+-------++-------
Melee: War axe           |    66 |   145 |   120 ||   331
       Dire flail        |       |       |    10 ||    10
Throw: Throwing net      |       |       |     4 ||     4
  Use: Potion            |       |     2 |     5 ||     7
 Stab: Sleeping          |     1 |       |       ||     1
       Held in net/web   |       |       |     1 ||     1
  Eat: Chunk             |       |     5 |     3 ||     8
Armor: Leather armour    |    19 |       |       ||    19
       Scale mail        |     2 |    70 |    51 ||   123
       Skin              |       |     2 |       ||     2
Dodge: Dodged            |    59 |    74 |    75 ||   208

Table legend:
 A = Spawn XP
 B = Non-spawn XP
 C = Spawn XP percentage of total XP
 D = Spawn monster count
 E = Non-spawn monster count
 F = Spawn count percentage of total count
 G = Total turns spent on level
                    A         B        C        D         E        F      G
               +---------+---------+-------+---------+---------+-------+---------
         Total |       0 |    1717 |   0.0 |       0 |      97 |   0.0 |  3385
               +---------+---------+-------+---------+---------+-------+---------
           D:1 |       0 |      33 |   0.0 |       0 |      20 |   0.0 |   668
           D:2 |       0 |      88 |   0.0 |       0 |      16 |   0.0 |   689
           D:3 |       0 |     355 |   0.0 |       0 |      22 |   0.0 |   723
           D:4 |       0 |     851 |   0.0 |       0 |      31 |   0.0 |   851
           D:5 |       0 |     191 |   0.0 |       0 |       5 |   0.0 |   161
        Temple |       0 |     199 |   0.0 |       0 |       3 |   0.0 |   293
               +---------+---------+-------+---------+---------+-------+---------
